 Dungeon Crawl Stone Soup version 0.28-a0-1555-g9ae15a6949 (webtiles) character file.

Game seed: 2645257437514923757

2253 HallandMoats the Skirmisher (level 9, -1/81 HPs)
             Began as a Ghoul Monk on Jan 18, 2022.
             Was a High Priest of Jiyva.
             Slain by a wight (13 damage)
             ... on level 7 of the Dungeon.
             The game lasted 00:09:03 (5056 turns).

HallandMoats the Skirmisher (Ghoul Monk)            Turns: 5056, Time: 00:09:04

Health: -1/81      AC: 10    Str: 19    XL:     9   Next: 37%
Magic:  11/11      EV:  8    Int:  5    God:    Jiyva [*****.]
Gold:   213        SH:  4    Dex: 11    Spells: 8/8 levels left

rFire   . . .      SeeInvis .   a - +6 short sword of Valour {pain, rPois}
rCold   + . .      Faith    .   q - +0 buckler
rNeg    + + +      Spirit   .   o - +0 chain mail
rPois   ∞          Reflect  .   l - +0 helmet
rElec   .          Harm     .   (no cloak)
rCorr   +          Rampage  .   (no gloves)
Will    .....                   (no boots)
Stlth   ..........              (no amulet)
HPRegen 1.44/turn               (no ring)
MPRegen 0.57/turn               (no ring)

@: inhibited regen
A: claws 1, cold resistance 1, negative energy resistance 3, inhibited
regeneration, torment resistance 2
a: Renounce Religion, Oozemancy, Slimify


You were on level 7 of the Dungeon.
You worshipped Jiyva.
Jiyva was extremely pleased with you.
You visited 1 branch of the dungeon, and saw 7 of its levels.

You collected 213 gold pieces.

Inventory:

Hand Weapons
 a - the +6 short sword of Valour (weapon) {pain, rPois}
   (You found it on level 2 of the Dungeon)

   In the hands of one skilled in necromantic magic, it inflicts extra damage on
   living creatures.
   rPois:     It protects you from poison.
 b - a +0 hand axe of electrocution
Armour
 l - a +0 helmet (worn)
 o - a +0 chain mail (worn)
 q - a +0 buckler (worn)
Jewellery
 i - a ring of wizardry
Wands
 j - a wand of acid (8)
 m - a wand of flame (25)
 z - a wand of iceblast (8)
Scrolls
 c - 4 scrolls of identify {unknown}
 e - a scroll of fear {unknown}
 k - 2 scrolls of noise {unknown}
 p - 2 scrolls of enchant armour {unknown}
 r - 2 scrolls of amnesia {unknown}
 u - a scroll of blinking {unknown}
 w - a scroll of teleportation {unknown}
 x - a scroll of immolation {unknown}
 y - a scroll of vulnerability {unknown}
Potions
 d - 2 potions of curing {unknown}
 f - a potion of mutation {unknown}
 g - a potion of ambrosia {unknown}
 h - a potion of resistance {unknown}
 n - a potion of degeneration {unknown}
 s - 2 potions of haste {unknown}
 t - 2 potions of flight {unknown}
 v - 2 potions of might {unknown}


   Skills:
 + Level 7.9 Fighting
 * Level 2.8 Axes
 + Level 4.2 Armour
 + Level 5.1 Dodging
 - Level 2.1 Stealth
 + Level 4.1 Shields
 - Level 3.2 Unarmed Combat
 + Level 5.1 Invocations


You had 8 spell levels left.
You didn't know any spells.
Your spell library was empty.

Dungeon Overview and Level Annotations

Branches:
Dungeon (7/15)             Temple (0/1) D:5

Altars:
Okawaru
The Shining One
Jiyva

Shops:
D:2 [   D:6 (


Innate Abilities, Weirdness & Mutations

You thrive by killing the living.
You are immune to poison.
You have sharp fingernails.
Your flesh is cold resistant. (rC+)
You are immune to negative energy. (rN+++)
You do not regenerate when monsters are visible.
You are immune to unholy pain and torment.


Message History

The wight is severely damaged.
The wight completely misses you.
The wight hits you with a +4 short sword of freezing.
You hit the wight.
You destroy the wight!
The wight hits you from afar with a +3 halberd!
You are too injured to fight recklessly!
You are too injured to fight recklessly!
You are too injured to fight recklessly!
You are too injured to fight recklessly!
You are too injured to fight recklessly!
You are too injured to fight recklessly!
You are too injured to fight recklessly!
You are too injured to fight recklessly!
You are too injured to fight recklessly!
You are too injured to fight recklessly!
You are too injured to fight recklessly!
You are too injured to fight recklessly!
You are too injured to fight recklessly!
You barely miss the wight.
The wight is lightly damaged.
The wight hits you from afar with a +3 halberd.
The wight hits you with a +0 falchion.
You hit the wight.
The wight is moderately damaged.
The wight closely misses you. The wight hits you with a +0 falchion.
You puncture the wight!
The wight is severely damaged.
The wight barely misses you. The wight hits you with a +0 falchion!
You closely miss the wight.
The wight is severely damaged.
The wight hits you but does no damage. The wight hits you with a +0 falchion!
* * * LOW HITPOINT WARNING * * *
The wight hits you from afar with a +3 halberd!
* * * LOW HITPOINT WARNING * * *
You hit the wight but do no damage.
The wight is severely damaged.
The wight hits you but does no damage.
The wight hits you from afar with a +3 halberd!
You die... #. #. #. #. . #. .. +.########## z.z

#..#.......# ....
#@#.#####.####.# # .....
#z#.#..........#.#
.....z##.z.#<.#.#######.#
...........####.####.....
...................J.....
####...##..######J##.####
#.#...#.......J.#..#
....#..#..####..##..#
.....+..##.####......#


You could see 2 wights.

Vanquished Creatures
  Duvessa (D:5)
  An orc warrior (D:6)
  2 black bears
  A hornet zombie (D:6)
  2 sky beasts
  An ogre (D:6)
  A centaur (D:6)
  A kobold brigand (D:6)
  A bullfrog (D:7)
  A wyvern zombie (D:7)
  2 scorpions
  Dowan (D:5)
  A water moccasin skeleton (D:5)
  5 killer bees (D:7)
  A howler monkey (D:5)
  A wight (D:7)
  A bullfrog zombie (D:5)
  6 hounds
  4 orc priests
  A gnoll shaman (D:6)
  Ijyb (D:3)
  An orc wizard (D:3)
  A hound skeleton (D:4)
  Robin (D:3)
  12 gnolls
  7 adders
  A shadow imp (D:5)
  A white imp (D:6)
  A worm (D:3)
  A dart slug (D:3)
  23 orcs
  2 endoplasms
  3 giant cockroaches
  12 goblins
  4 hobgoblins
  2 quokkas (D:1)
  5 ball pythons
  3 bats
  2 frilled lizards
  6 kobolds
  4 rats
128 creatures vanquished.

Vanquished Creatures (collateral kills)
  An orc wizard (D:5)
1 creature vanquished.

Vanquished Creatures (others)
  A gnoll sergeant (D:6)
  4 jellies
  A centaur zombie (D:5)
  An orc priest (D:3)
  2 orc wizards (D:2)
  7 gnolls
  4 orcs (D:3)
  2 endoplasms
  A hobgoblin (D:2)
  3 goblins
26 creatures vanquished.

Grand Total: 155 creatures vanquished

Notes
Turn   | Place    | Note
-------+----------+-------------------------------------------
     0 | D:1      | HallandMoats the Ghoul Monk began the quest for the Orb.
     0 | D:1      | Reached XP level 1. HP: 19/19 MP: 0/0
   399 | D:1      | Reached XP level 2. HP: 26/26 MP: 1/1
   910 | D:2      | Reached XP level 3. HP: 29/33 MP: 2/2
   910 | D:2      | Found a faded altar of an unknown god.
   919 | D:2      | Prayed at the altar of an unknown god.
   919 | D:2      | Became a worshipper of Jiyva Jirioler the Shapeless
   919 | D:2      | Reached * piety under Jiyva
   919 | D:2      | Reached ** piety under Jiyva
   931 | D:2      | Reached skill level 1 in Invocations
  1053 | D:2      | Reached skill level 4 in Fighting
  1060 | D:2      | Reached *** piety under Jiyva
  1148 | D:2      | Reached skill level 1 in Shields
  1150 | D:2      | Found Fixoric's Armour Boutique.
  1384 | D:3      | Noticed Robin
  1487 | D:2      | Reached skill level 1 in Armour
  1487 | D:2      | Reached XP level 4. HP: 28/40 MP: 3/3
  1602 | D:2      | Identified the +6 short sword of Valour {pain, rPois}
  1673 | D:3      | Killed Robin
  1840 | D:3      | Reached XP level 5. HP: 34/47 MP: 5/5
  1945 | D:3      | Noticed Ijyb
  1946 | D:3      | Reached **** piety under Jiyva
  1960 | D:3      | Killed Ijyb
  2225 | D:3      | Reached skill level 5 in Fighting
  2226 | D:3      | Reached XP level 6. HP: 50/56 MP: 6/6
  2871 | D:4      | Reached ***** piety under Jiyva
  2914 | D:5      | Entered Level 5 of the Dungeon
  2994 | D:5      | Reached XP level 7. HP: 60/61 MP: 8/8
  3158 | D:5      | Found a staircase to the Ecumenical Temple.
  3166 | D:5      | Reached skill level 6 in Fighting
  3207 | D:5      | Noticed a hornet
  3286 | D:5      | Noticed Duvessa
  3289 | D:5      | Noticed Dowan
  3300 | D:5      | Killed Duvessa
  3339 | D:5      | Killed Dowan
  3759 | D:5      | Found an iron altar of Okawaru.
  3879 | D:5      | Reached XP level 8. HP: 61/71 MP: 9/9
  3929 | D:6      | Reached skill level 7 in Fighting
  4095 | D:6      | Found Qucar's Weapon Emporium.
  4276 | D:6      | Reached skill level 1 in Axes
  4401 | D:6      | Reached XP level 9. HP: 40/79 MP: 11/11
  4930 | D:7      | Reached skill level 5 in Dodging
  4971 | D:7      | Reached skill level 5 in Invocations
  5056 | D:7      | Slain by a wight

Illustrated notes

Levels and vault maps discovered:
D:1:      scummos_arrival_star, layout_rooms, patterned_corridor
D:2:      layout_basic, serial_shops, nicolae_shop_crystal,
          ebering_ecumenical_altar_mist, kennysheep_generic_room_9
D:3:      layout_rooms, uniq_robin, uniq_ijyb
D:4:      layout_layer_cave, nicolae_tso_swordbearing_angel
D:5:      layout_gridville, okawaru_ov_weapons_minmay,
          minmay_temple_entry_proselytizer, minmay_strange_pillars,
          lightli_corner_chamber, uniq_duvessa
D:6:      layout_loops_ring, serial_shops, shop, serial_glass, glass_columns_a,
          glass_columns_c, kennysheep_small_spiral
D:7:      layout_basic, mainiacjoe_overflow_paths, serial_shops,
          kennysheep_mini, gammafunk_ghost_wrathful_warriors

Skill      XL: |  1  2  3  4  5  6  7  8  9 |
---------------+----------------------------+-----
Invocations    | 1 2 3 4 5 |  5.1
Fighting       | 4 5 6 7 |  7.9
Shields        | 1 2 3 4 |  4.1
Armour         | 1 2 3 4 |  4.2
Dodging        | 3 4 5 |  5.1
Axes           | 1 2 |  2.8
Stealth        | |  2.1
Unarmed Combat | |  3.2

Action                   |  1- 3 |  4- 6 |  7- 9 || total
-------------------------+-------+-------+-------++-------
Melee: Unarmed           |   100 |    10 |       ||   110
       Punch             |     3 |     2 |       ||     5
       Short sword       |       |   157 |   308 ||   465
       Hand axe          |       |     5 |       ||     5
 Stab: Sleeping          |     2 |     1 |       ||     3
Armor: Ring mail         |    25 |    27 |       ||    52
       Chain mail        |       |    70 |   187 ||   257
Dodge: Dodged            |    59 |    95 |   112 ||   266
Block: Buckler           |       |     9 |    72 ||    81

Table legend: (Time is in decaauts)
 A = Elapsed time spent in this place.
 B = Non-inter-level travel time spent in this place.
 C = Inter-level travel time spent in this place.
 D = Time resting spent in this place.
 E = Time spent auto-exploring this place.
 F = Levels seen in this place.
 G = Mean time per level.
                   A        B        C        D        E       F      G
               +--------+--------+--------+--------+--------+-----+--------+
         Total |   5116 |   4877 |    239 |     40 |   3409 |   7 |  730.9 |
       Dungeon |   5116 |   4877 |    239 |     40 |   3409 |   7 |  730.9 |
               +--------+--------+--------+--------+--------+-----+--------+

Top non-repeatable levels by time:
     D:6: 1021 daAuts
     D:5: 1009 daAuts
     D:2: 849 daAuts
     D:1: 763 daAuts
     D:4: 694 daAuts
     D:3: 619 daAuts
     D:7: 158 daAuts
